Red Wings vs Nordiques
(R2)
Created - May 11, 2018 at 19:00
Goals
|
| Red Wings |
0 |
0 |
1 |
1 |
| Nordiques |
1 |
2 |
0 |
3 |
|
Shots
|
| Red Wings |
19 |
3 |
14 |
36 |
| Nordiques |
18 |
8 |
7 |
33 |
|
1st period
1. Nordiques , R.J. Umberger 5 (Daniel Briere 9) at 5:10 (PP)
Penalties :
R.J. Umberger (Que) for Hooking (Minor) at 0:06, Adam Henrique (Det) for Tripping (Minor) at 5:06
2nd period
2. Nordiques , Marek Svatos 7 (Ryan Ellis 11, Daniel Briere 10) at 2:11 (PP)
3. Nordiques , Mark Eaton 1 (Fedor Tyutin 1, Jean-Pierre Dumont 3) at 15:43 (PP)
Penalties :
Theo Peckham (Det) for Hooking (Minor) at 1:56, Bruno Gervais (Que) for Roughing (Double Minor) at 3:38, Dustin Byfuglien (Que) for Tripping (Minor) at 8:45, Theo Peckham (Det) for Hooking (Minor) at 14:06, Nino Niederreiter (Det) for Holding Stick (Minor) at 14:53, Tim Connolly (Que) for Holding (Minor) at 17:53
3rd period
4. Red Wings , Adam Henrique 4 (Phil Kessel 7, Tyler Johnson 4) at 16:35 (PP)
Penalties :
Mark Eaton (Que) for Slashing (Double Minor) at 3:49, Paul Gaustad (Que) for Boarding (Minor) at 8:49, Nino Niederreiter (Det) for High sticking (Minor) at 11:31, Marek Svatos (Que) for Cross-checking (Minor) at 15:46, Dustin Byfuglien (Que) for Hooking (Minor) at 18:38
Goalie Stats
Tuukka Rask (Det), 30 saves from 33 shots - (0.909), L, 1-3-0, 60:00 minutes
Jonathan Quick (Que), 35 saves from 36 shots - (0.972), W, 4-2-0, 60:00 minutes
Players Stats for Red Wings
Player Name G A P +/- PIM S H SB GA TA FO MP PP MP PK MP
------------------------------------------------------------------------------------
Adam Henrique 1 0 1 0 2 5 2 0 0 1 1/2 18:54 7:02 0:02
Ales Hemsky 0 0 0 0 0 0 1 0 0 0 0/0 6:45 1:37 0:00
Alex Picard 0 0 0 0 0 0 0 0 0 0 0/0 10:58 0:24 1:29
Brent Seabrook 0 0 0 0 0 1 5 1 0 0 0/0 25:12 10:03 2:46
Chris Kelly 0 0 0 0 0 1 0 1 0 0 4/7 11:28 1:44 0:20
Filip Kuba 0 0 0 0 0 2 4 3 1 1 0/0 20:22 0:20 2:46
Jiri Fischer 0 0 0 0 0 1 0 0 0 1 0/0 22:32 7:41 2:18
Mike Richards 0 0 0 0 0 8 0 0 1 0 5/17 20:43 9:18 0:00
Nate Thompson 0 0 0 0 0 2 1 0 0 1 3/4 4:50 0:00 0:00
Nino Niederreiter 0 0 0 0 4 2 4 0 1 1 1/2 11:32 1:12 0:29
Oleg Saprykin 0 0 0 0 0 4 0 0 0 0 0/0 7:03 0:00 2:13
Ole-Kristian Tollefsen 0 0 0 0 0 1 0 4 1 1 0/0 25:09 10:03 2:18
Phil Kessel 0 1 1 0 0 4 3 1 0 0 2/2 18:24 7:02 0:00
Philip Samuelsson 0 0 0 0 0 0 0 0 0 0 0/0 15:04 7:41 0:00
Rick Nash 0 0 0 0 0 3 1 0 0 0 1/2 20:07 9:19 0:00
Sean Bergenheim 0 0 0 0 0 1 3 0 0 1 2/7 23:02 9:32 2:14
Theo Peckham 0 0 0 0 4 0 4 0 0 0 0/0 11:39 0:20 0:00
Tyler Johnson 0 1 1 0 0 1 2 0 0 1 11/30 20:17 7:02 2:30
Players Stats for Nordiques
Player Name G A P +/- PIM S H SB GA TA FO MP PP MP PK MP
------------------------------------------------------------------------------------
Bruno Gervais 0 0 0 0 4 0 0 1 0 0 0/0 14:59 0:00 1:06
Daniel Briere 0 2 2 0 0 1 1 0 0 0 17/26 16:03 2:48 2:06
Dustin Byfuglien 0 0 0 0 4 2 3 0 1 0 0/0 26:37 3:05 6:52
Fedor Tyutin 0 1 1 0 0 3 1 1 1 1 0/0 16:15 1:59 7:47
Jean-Pierre Dumont 0 1 1 0 0 4 0 1 1 0 0/0 12:20 2:11 0:00
Kyle Calder 0 0 0 0 0 0 2 0 0 1 0/1 11:44 0:08 3:44
Marek Svatos 1 0 1 0 2 7 0 0 0 0 10/14 22:47 2:36 8:10
Mark Eaton 1 0 1 0 4 1 0 2 0 1 0/0 21:21 1:59 6:39
Matt Moulson 0 0 0 0 0 1 0 0 0 0 0/0 10:29 0:00 0:27
Michael Ryder 0 0 0 0 0 0 1 0 0 0 0/0 6:48 0:07 0:00
Nikolai Kulemin 0 0 0 0 0 3 0 0 1 0 0/0 6:41 0:00 0:00
Paul Gaustad 0 0 0 0 2 1 1 0 0 0 6/11 14:56 0:08 4:16
R.J. Umberger 1 0 1 0 2 4 3 0 1 0 3/3 18:49 2:48 4:40
Rich Peverley 0 0 0 0 0 0 2 0 0 0 1/5 6:41 0:00 0:00
Ryan Ellis 0 1 1 0 0 3 2 1 0 0 0/0 29:42 3:05 9:26
T.J. Fast 0 0 0 0 0 1 0 0 1 1 0/0 10:59 0:00 3:43
Tim Connolly 0 0 0 0 2 0 1 0 1 0 6/11 18:35 2:08 7:44
Vladimir Tarasenko 0 0 0 0 0 2 1 0 1 0 0/2 16:02 2:18 5:36
3 Stars
1 - Jonathan Quick (Que)
2 - Daniel Briere (Que)
3 - R.J. Umberger (Que)
Power Play
Red Wings - 1 on 10 Attempt(s) - 10.00%
Nordiques - 3 on 5 Attempt(s) - 60.00%
Penalty Kill
Red Wings - 2 on 5 Attempt(s) - 40.00%
- Score 0 goal in Penalty Kill
Nordiques - 9 on 10 Attempt(s) - 90.00%
- Score 0 goal in Penalty Kill
Team Stat
Red Wings - Hits : 30 - Faceoff Wins : 30 - Blocked Shots : 10 - Penalty Minutes : 10
Nordiques - Hits : 18 - Faceoff Wins : 43 - Blocked Shots : 6 - Penalty Minutes : 20
Official
Referees : StLaurent Francois and StPierre Justin
Linesman : Steve Barton and Jean Morin
Game Notes
No Game Note
Finance
Level 1 -- Attendance: 5043 (84.05%) -- Ticket Income $529,515
Level 2 -- Attendance: 3979 (79.58%) -- Ticket Income $258,635
Level 3 -- Attendance: 1559 (77.95%) -- Ticket Income $71,714
Level 4 -- Attendance: 2820 (70.50%) -- Ticket Income $98,700
Luxury Box -- Attendance: 978 (97.80%) -- Ticket Income $161,370
Game was played at the Centre Videotron.
Total Attendance: 14379 (79.88%)
Total Ticket Income: $1,119,934
Other Income: $167,990
Total Income: $1,287,924
Red Wings
5 vs 5 Forward
Center Left Wing Right Wing Time % Phy DF OF
1 Mike Richards Adam Henrique Phil Kessel 36 0 2 3
2 Tyler Johnson Sean Bergenheim Rick Nash 36 0 2 3
3 Chris Kelly Alex Picard Nino Niederreiter 20 0 3 2
4 Nate Thompson Oleg Saprykin Ales Hemsky 8 1 2 2
5 vs 5 Defense
Defense Defense Time % Phy DF OF
1 Brent Seabrook Jiri Fischer 35 0 3 2
2 Filip Kuba Ole-Kristian Tollefsen 35 0 3 2
3 Philip Samuelsson Theo Peckham 20 0 3 2
4 Filip Kuba Theo Peckham 10 0 3 2
PowerPlay Forward
Center Left Wing Right Wing Time % Phy DF OF
1 Mike Richards Sean Bergenheim Rick Nash 60 0 1 4
2 Tyler Johnson Adam Henrique Phil Kessel 40 0 1 4
PowerPlay Defense
Defense Defense Time % Phy DF OF
1 Ole-Kristian Tollefsen Brent Seabrook 60 0 2 3
2 Jiri Fischer Philip Samuelsson 40 0 2 3
Penalty Kill 4 Players Forward
Center Wing Time % Phy DF OF
1 Tyler Johnson Oleg Saprykin 50 1 2 2
2 Sean Bergenheim Nino Niederreiter 50 1 2 2
Penalty Kill 4 Players Defense
Defense Defense Time % Phy DF OF
1 Brent Seabrook Filip Kuba 50 1 2 2
2 Jiri Fischer Ole-Kristian Tollefsen 50 1 2 2
Penalty Kill - 3 Players Forward
Forward Time % Phy DF OF
1 Tyler Johnson 60 1 2 2
2 Sean Bergenheim 40 1 2 2
Penalty Kill - 3 Players Defense
Defense Defense Time % Phy DF OF
1 Filip Kuba Brent Seabrook 50 1 2 2
2 Jiri Fischer Ole-Kristian Tollefsen 50 1 2 2
4 vs 4 Forward
Center Wing Time % Phy DF OF
1 Mike Richards Sean Bergenheim 60 1 2 2
2 Tyler Johnson Phil Kessel 40 1 2 2
4 vs 4 Defense
Defense Defense Time % Phy DF OF
1 Brent Seabrook Jiri Fischer 60 1 2 2
2 Ole-Kristian Tollefsen Filip Kuba 40 1 2 2
Last Minutes Offensive
Center Left Wing Right Wing Defense Defense
Mike Richards Jiri Fischer Rick Nash Brent Seabrook Ole-Kristian Tollefsen
Last Minutes Defensive
Center Left Wing Right Wing Defense Defense
Tyler Johnson Sean Bergenheim Nino Niederreiter Jiri Fischer Filip Kuba
Goaltenders
Starting : Tuukka Rask
Backup : Ilya Bryzgalov
Extra Forwards
Normal : Mike Richards, Tyler Johnson, Nino Niederreiter - PP : Nino Niederreiter, Chris Kelly - PK : Sean Bergenheim
Extra Defensemen
Normal : Brent Seabrook, Ole-Kristian Tollefsen, Philip Samuelsson - PP : Filip Kuba - PK : Philip Samuelsson, Theo Peckham
Penalty Shots
Rick Nash, Mike Richards, Phil Kessel, Brent Seabrook, Sean Bergenheim
Scratches
Brendan Bell (Healthy)
Nordiques
5 vs 5 Forward
Center Left Wing Right Wing Time % Phy DF OF
1 Daniel Briere R.J. Umberger Marek Svatos 40 0 1 4
2 Tim Connolly Kyle Calder Vladimir Tarasenko 30 1 1 3
3 Paul Gaustad Matt Moulson Jean-Pierre Dumont 20 1 1 3
4 Rich Peverley Nikolai Kulemin Michael Ryder 10 1 1 3
5 vs 5 Defense
Defense Defense Time % Phy DF OF
1 Dustin Byfuglien Ryan Ellis 40 1 3 1
2 Bruno Gervais Mark Eaton 30 1 3 1
3 T.J. Fast Fedor Tyutin 20 1 3 1
4 Dustin Byfuglien Ryan Ellis 10 1 3 1
PowerPlay Forward
Center Left Wing Right Wing Time % Phy DF OF
1 Daniel Briere R.J. Umberger Marek Svatos 60 0 0 5
2 Tim Connolly Jean-Pierre Dumont Vladimir Tarasenko 40 0 0 5
PowerPlay Defense
Defense Defense Time % Phy DF OF
1 Dustin Byfuglien Ryan Ellis 60 0 2 3
2 Fedor Tyutin Mark Eaton 40 0 2 3
Penalty Kill 4 Players Forward
Center Wing Time % Phy DF OF
1 Marek Svatos Tim Connolly 60 1 4 0
2 Vladimir Tarasenko R.J. Umberger 40 1 4 0
Penalty Kill 4 Players Defense
Defense Defense Time % Phy DF OF
1 Dustin Byfuglien Ryan Ellis 60 2 3 0
2 Fedor Tyutin Mark Eaton 40 2 3 0
Penalty Kill - 3 Players Forward
Forward Time % Phy DF OF
1 Marek Svatos 60 0 5 0
2 Tim Connolly 40 0 5 0
Penalty Kill - 3 Players Defense
Defense Defense Time % Phy DF OF
1 Dustin Byfuglien Ryan Ellis 60 1 4 0
2 Fedor Tyutin Mark Eaton 40 1 4 0
4 vs 4 Forward
Center Wing Time % Phy DF OF
1 Daniel Briere Tim Connolly 60 1 1 3
2 Vladimir Tarasenko R.J. Umberger 40 1 1 3
4 vs 4 Defense
Defense Defense Time % Phy DF OF
1 Dustin Byfuglien Ryan Ellis 60 1 3 1
2 Fedor Tyutin Mark Eaton 40 1 3 1
Last Minutes Offensive
Center Left Wing Right Wing Defense Defense
Daniel Briere R.J. Umberger Marek Svatos Dustin Byfuglien Ryan Ellis
Last Minutes Defensive
Center Left Wing Right Wing Defense Defense
Tim Connolly R.J. Umberger Marek Svatos Fedor Tyutin Ryan Ellis
Goaltenders
Starting : Jonathan Quick
Backup : Julien Ellis
Extra Forwards
Normal : Vladimir Tarasenko, Daniel Briere, Marek Svatos - PP : Vladimir Tarasenko, Daniel Briere - PK : Paul Gaustad
Extra Defensemen
Normal : Ryan Ellis, Dustin Byfuglien, Fedor Tyutin - PP : Ryan Ellis - PK : Mark Eaton, T.J. Fast
Penalty Shots
Marek Svatos, Tim Connolly, Vladimir Tarasenko, R.J. Umberger, Daniel Briere
Scratches
Marc-André Gragnani (Healthy), Matt Gilroy (Healthy), Petr Kalus (Healthy)
% Time on Ice - Red Wings
Lines # - Real PCT - Wanted PCT - Time Play
Normal Forward
1 - 32% - 36% - 11:43
2 - 32% - 36% - 11:42
3 - 23% - 20% - 8:37
4 - 13% - 8% - 4:50
Normal Defense
1 - 34% - 35% - 12:23
2 - 34% - 35% - 12:30
3 - 19% - 20% - 6:51
4 - 14% - 10% - 5:08
PP Forward
1 - 58% - 60% - 10:32
2 - 42% - 40% - 7:32
PP Defense
1 - 56% - 60% - 10:03
2 - 44% - 40% - 8:01
PK Forward
1 - 45% - 50% - 1:55
2 - 55% - 50% - 2:19
PK Defense
1 - 55% - 50% - 2:20
2 - 45% - 50% - 1:54
PK3 Forward
1 - 100% - 60% - 0:50
2 - 0% - 40% - 0:00
PK3 Defense
1 - 52% - 50% - 0:26
2 - 48% - 50% - 0:24
44 Forward
1 - 0% - 60%
2 - 0% - 40%
44 Defense
1 - 0% - 60%
2 - 0% - 40%
Last Minute Offensive - 0:00
Last Minute Defensive - 0:00
Total
Forward - 60:00
Defense - 60:00
|
% Time on Ice - Nordiques
Lines # - Real PCT - Wanted PCT - Time Play
Normal Forward
1 - 33% - 40% - 12:02
2 - 22% - 30% - 8:08
3 - 27% - 20% - 10:01
4 - 18% - 10% - 6:41
Normal Defense
1 - 40% - 40% - 14:50
2 - 34% - 30% - 12:25
3 - 18% - 20% - 6:33
4 - 8% - 10% - 3:04
PP Forward
1 - 58% - 60% - 2:56
2 - 42% - 40% - 2:08
PP Defense
1 - 61% - 60% - 3:05
2 - 39% - 40% - 1:59
PK Forward
1 - 69% - 60% - 12:28
2 - 31% - 40% - 5:36
PK Defense
1 - 54% - 60% - 9:42
2 - 46% - 40% - 8:22
PK3 Forward
1 - 0% - 60%
2 - 0% - 40%
PK3 Defense
1 - 0% - 60%
2 - 0% - 40%
44 Forward
1 - 0% - 60%
2 - 0% - 40%
44 Defense
1 - 0% - 60%
2 - 0% - 40%
Last Minute Offensive - 0:00
Last Minute Defensive - 0:00
Total
Forward - 60:00
Defense - 60:00
|
Play by Play
1st period
0:01 of 1st period - Mike Richards wins face-off versus Daniel Briere in neutral zone.
0:04 of 1st period - Snap shot by Adam Henrique.
0:04 of 1st period - Shot Misses the Net.
0:06 of 1st period - Minor Penalty to R.J. Umberger for Hooking.
0:07 of 1st period - Mike Richards wins face-off versus Marek Svatos in Nordiques zone.
0:08 of 1st period - Snap shot by Sean Bergenheim.
0:08 of 1st period - Deflect By Mike Richards.
0:08 of 1st period - Stopped by Jonathan Quick with a rebound.
0:10 of 1st period - Snap shot by Brent Seabrook.
0:10 of 1st period - Stopped by Jonathan Quick without a rebound.
0:11 of 1st period - Marek Svatos wins face-off versus Mike Richards in Nordiques zone.
0:38 of 1st period - Wrist shot by Rick Nash.
0:38 of 1st period - Stopped by Jonathan Quick without a rebound.
0:39 of 1st period - Tyler Johnson wins face-off versus Marek Svatos in Nordiques zone.
2:06 of 1st period - Penalty to R.J. Umberger is over, R.J. Umberger is back on ice.
2:40 of 1st period - Wrist shot by Paul Gaustad.
2:40 of 1st period - Stopped by Tuukka Rask with a rebound.
3:02 of 1st period - Slapshot by Marek Svatos.
3:02 of 1st period - Stopped by Tuukka Rask with a rebound.
3:16 of 1st period - Sean Bergenheim is hit by Michael Ryder and loses puck.
4:05 of 1st period - Snap shot by Matt Moulson.
4:05 of 1st period - Shot Misses the Net.
4:24 of 1st period - Icing by Kyle Calder.
4:25 of 1st period - Rich Peverley wins face-off versus Nino Niederreiter in Nordiques zone.
5:06 of 1st period - Minor Penalty to Adam Henrique for Tripping.
5:07 of 1st period - R.J. Umberger wins face-off versus Tyler Johnson in Red Wings zone.
5:10 of 1st period - Wrist shot by R.J. Umberger.
5:10 of 1st period - Goal by R.J. Umberger - Red Wings : 0 - Nordiques : 1.
5:11 of 1st period - Daniel Briere wins face-off versus Tyler Johnson in neutral zone.
5:16 of 1st period - Slapshot by Marek Svatos.
5:16 of 1st period - Stopped by Tuukka Rask with a rebound.
5:18 of 1st period - Snap shot by R.J. Umberger.
5:18 of 1st period - Shot Blocked by Filip Kuba.
5:20 of 1st period - Snap shot by R.J. Umberger.
5:20 of 1st period - Stopped by Tuukka Rask with a rebound.
6:43 of 1st period - Slapshot by Phil Kessel.
6:43 of 1st period - Stopped by Jonathan Quick without a rebound.
6:44 of 1st period - Mike Richards wins face-off versus Rich Peverley in Nordiques zone.
6:45 of 1st period - Wrist shot by Adam Henrique.
6:45 of 1st period - Shot Misses the Net.
6:59 of 1st period - Wrist shot by Nikolai Kulemin.
6:59 of 1st period - Stopped by Tuukka Rask without a rebound.
7:00 of 1st period - R.J. Umberger wins face-off versus Rick Nash in Red Wings zone.
7:37 of 1st period - Snap shot by Tim Connolly.
7:37 of 1st period - Shot Misses the Net.
8:40 of 1st period - Snap shot by Tyler Johnson.
8:40 of 1st period - Shot Misses the Net.
8:46 of 1st period - Snap shot by Sean Bergenheim.
8:46 of 1st period - Shot Hit the Post.
8:48 of 1st period - Slapshot by Filip Kuba.
8:48 of 1st period - Stopped by Jonathan Quick without a rebound.
8:49 of 1st period - Paul Gaustad wins face-off versus Adam Henrique in Nordiques zone.
9:07 of 1st period - Icing by Mark Eaton.
9:08 of 1st period - Tyler Johnson wins face-off versus Paul Gaustad in Nordiques zone.
9:13 of 1st period - Slapshot by Rick Nash.
9:13 of 1st period - Shot Misses the Net.
9:19 of 1st period - Snap shot by Paul Gaustad.
9:19 of 1st period - Shot Blocked by Filip Kuba.
9:21 of 1st period - Snap shot by Matt Moulson.
9:21 of 1st period - Deflect By Jean-Pierre Dumont.
9:21 of 1st period - Shot Misses the Net.
9:21 of 1st period - Puck is out of play.
9:22 of 1st period - Daniel Briere wins face-off versus Tyler Johnson in Red Wings zone.
9:38 of 1st period - Wrist shot by Tyler Johnson.
9:38 of 1st period - Shot Misses the Net.
9:45 of 1st period - Icing by R.J. Umberger.
9:46 of 1st period - Phil Kessel wins face-off versus Tim Connolly in Nordiques zone.
9:51 of 1st period - Wrist shot by Mike Richards.
9:51 of 1st period - Stopped by Jonathan Quick without a rebound.
9:52 of 1st period - Phil Kessel wins face-off versus Tim Connolly in Nordiques zone.
10:09 of 1st period - Wrist shot by Mike Richards.
10:09 of 1st period - Stopped by Jonathan Quick without a rebound.
10:10 of 1st period - Daniel Briere wins face-off versus Tyler Johnson in Nordiques zone.
10:23 of 1st period - Snap shot by Marek Svatos.
10:23 of 1st period - Stopped by Tuukka Rask with a rebound.
10:56 of 1st period - Wrist shot by Ales Hemsky.
10:56 of 1st period - Shot Misses the Net.
10:58 of 1st period - Slapshot by Filip Kuba.
10:58 of 1st period - Deflect By Oleg Saprykin.
10:58 of 1st period - Stopped by Jonathan Quick without a rebound.
10:59 of 1st period - Nate Thompson wins face-off versus Daniel Briere in Nordiques zone.
11:02 of 1st period - Snap shot by Oleg Saprykin.
11:02 of 1st period - Stopped by Jonathan Quick without a rebound.
11:03 of 1st period - Daniel Briere wins face-off versus Tyler Johnson in Nordiques zone.
11:32 of 1st period - Backhand shot by Phil Kessel.
11:32 of 1st period - Stopped by Jonathan Quick with a rebound.
11:42 of 1st period - Mike Richards is hit by Fedor Tyutin and loses puck.
12:01 of 1st period - Slapshot by Fedor Tyutin.
12:01 of 1st period - Stopped by Tuukka Rask without a rebound.
12:02 of 1st period - Marek Svatos wins face-off versus Nate Thompson in Red Wings zone.
12:18 of 1st period - Icing by Theo Peckham.
12:19 of 1st period - Nate Thompson wins face-off versus Paul Gaustad in Red Wings zone.
12:49 of 1st period - Wrist shot by Sean Bergenheim.
12:49 of 1st period - Shot Misses the Net.
12:51 of 1st period - Wrist shot by Rick Nash.
12:51 of 1st period - Stopped by Jonathan Quick without a rebound.
12:52 of 1st period - R.J. Umberger wins face-off versus Tyler Johnson in Nordiques zone.
13:45 of 1st period - Adam Henrique is hit by Dustin Byfuglien and loses puck.
14:58 of 1st period - Paul Gaustad is hit by Brent Seabrook and loses puck.
15:03 of 1st period - Slapshot by Phil Kessel.
15:03 of 1st period - Shot Misses the Net.
15:05 of 1st period - Slapshot by Theo Peckham.
15:05 of 1st period - Shot Misses the Net.
15:07 of 1st period - Snap shot by Mike Richards.
15:07 of 1st period - Stopped by Jonathan Quick with a rebound.
15:09 of 1st period - Snap shot by Adam Henrique.
15:09 of 1st period - Stopped by Jonathan Quick with a rebound.
15:11 of 1st period - Snap shot by Phil Kessel.
15:11 of 1st period - Shot Misses the Net.
15:13 of 1st period - Wrist shot by Mike Richards.
15:13 of 1st period - Stopped by Jonathan Quick with a rebound.
15:29 of 1st period - Slapshot by Dustin Byfuglien.
15:29 of 1st period - Stopped by Tuukka Rask with a rebound.
15:35 of 1st period - Dustin Byfuglien is hit by Filip Kuba and loses puck.
15:50 of 1st period - Jean-Pierre Dumont is hit by Theo Peckham and loses puck.
15:57 of 1st period - Slapshot by Ryan Ellis.
15:57 of 1st period - Stopped by Tuukka Rask with a rebound.
16:03 of 1st period - Bruno Gervais is hit by Theo Peckham and loses puck.
16:16 of 1st period - Wrist shot by Adam Henrique.
16:16 of 1st period - Deflect By Mike Richards.
16:16 of 1st period - Stopped by Jonathan Quick with a rebound.
16:18 of 1st period - Wrist shot by Adam Henrique.
16:18 of 1st period - Stopped by Jonathan Quick with a rebound.
16:44 of 1st period - Wrist shot by Matt Moulson.
16:44 of 1st period - Stopped by Tuukka Rask with a rebound.
16:50 of 1st period - Bruno Gervais is hit by Adam Henrique and loses puck.
17:01 of 1st period - Jean-Pierre Dumont is hit by Phil Kessel and loses puck.
17:08 of 1st period - Snap shot by Mike Richards.
17:08 of 1st period - Shot Misses the Net.
17:12 of 1st period - Wrist shot by Phil Kessel.
17:12 of 1st period - Shot Misses the Net.
17:14 of 1st period - Wrist shot by Phil Kessel.
17:14 of 1st period - Stopped by Jonathan Quick with a rebound.
17:16 of 1st period - Snap shot by Phil Kessel.
17:16 of 1st period - Deflect By Adam Henrique.
17:16 of 1st period - Stopped by Jonathan Quick without a rebound.
17:17 of 1st period - Daniel Briere wins face-off versus Tyler Johnson in Nordiques zone.
17:22 of 1st period - Slapshot by Fedor Tyutin.
17:22 of 1st period - Shot Misses the Net.
17:26 of 1st period - Wrist shot by Marek Svatos.
17:26 of 1st period - Stopped by Tuukka Rask without a rebound.
17:27 of 1st period - Rick Nash wins face-off versus Daniel Briere in Red Wings zone.
17:27 of 1st period - Rick Nash is hit by Daniel Briere.
17:46 of 1st period - Snap shot by Marek Svatos.
17:46 of 1st period - Shot Misses the Net.
17:48 of 1st period - Snap shot by R.J. Umberger.
17:48 of 1st period - Stopped by Tuukka Rask with a rebound.
17:50 of 1st period - Slapshot by Fedor Tyutin.
17:50 of 1st period - Shot Misses the Net.
17:52 of 1st period - Snap shot by Marek Svatos.
17:52 of 1st period - Shot Blocked by Brent Seabrook.
17:54 of 1st period - Wrist shot by Fedor Tyutin.
17:54 of 1st period - Deflect By Marek Svatos.
17:54 of 1st period - Stopped by Tuukka Rask without a rebound.
17:55 of 1st period - Chris Kelly wins face-off versus Kyle Calder in Red Wings zone.
18:00 of 1st period - Tim Connolly is hit by Theo Peckham and loses puck.
18:32 of 1st period - Backhand shot by Ole-Kristian Tollefsen.
18:32 of 1st period - Stopped by Jonathan Quick with a rebound.
18:48 of 1st period - Slapshot by Marek Svatos.
18:48 of 1st period - Stopped by Tuukka Rask with a rebound.
18:50 of 1st period - Slapshot by T.J. Fast.
18:50 of 1st period - Stopped by Tuukka Rask without a rebound.
18:51 of 1st period - Chris Kelly wins face-off versus Daniel Briere in Red Wings zone.
18:56 of 1st period - Daniel Briere is hit by Nino Niederreiter and loses puck.
19:24 of 1st period - Snap shot by Daniel Briere.
19:24 of 1st period - Stopped by Tuukka Rask without a rebound.
19:25 of 1st period - Tim Connolly wins face-off versus Tyler Johnson in Red Wings zone.
19:32 of 1st period - Wrist shot by Vladimir Tarasenko.
19:32 of 1st period - Stopped by Tuukka Rask with a rebound.
19:36 of 1st period - Snap shot by Vladimir Tarasenko.
19:36 of 1st period - Shot Misses the Net.
19:50 of 1st period - Rich Peverley is hit by Nino Niederreiter and loses puck.
Goals for this period are 0 for Red Wings vs 1 for Nordiques.
Shots for this period are 19 for Red Wings vs 18 for Nordiques.
2nd period
0:01 of 2nd period - Daniel Briere wins face-off versus Tyler Johnson in neutral zone.
0:27 of 2nd period - Filip Kuba is hit by Dustin Byfuglien and loses puck.
0:36 of 2nd period - Slapshot by Theo Peckham.
0:36 of 2nd period - Shot Misses the Net.
0:50 of 2nd period - Slapshot by Jean-Pierre Dumont.
0:50 of 2nd period - Stopped by Tuukka Rask without a rebound.
0:51 of 2nd period - Tyler Johnson wins face-off versus Paul Gaustad in Red Wings zone.
0:56 of 2nd period - Snap shot by Rick Nash.
0:56 of 2nd period - Shot Misses the Net.
1:18 of 2nd period - Bruno Gervais is hit by Filip Kuba and loses puck.
1:43 of 2nd period - Snap shot by Alex Picard.
1:43 of 2nd period - Shot Misses the Net.
1:45 of 2nd period - Wrist shot by Chris Kelly.
1:45 of 2nd period - Stopped by Jonathan Quick without a rebound.
1:46 of 2nd period - Tyler Johnson wins face-off versus Tim Connolly in Nordiques zone.
1:56 of 2nd period - Minor Penalty to Theo Peckham for Hooking.
1:57 of 2nd period - Sean Bergenheim wins face-off versus Daniel Briere in Red Wings zone.
2:09 of 2nd period - Slapshot by Ryan Ellis.
2:09 of 2nd period - Shot Misses the Net.
2:11 of 2nd period - Wrist shot by Marek Svatos.
2:11 of 2nd period - Goal by Marek Svatos - Red Wings : 0 - Nordiques : 2.
2:12 of 2nd period - Daniel Briere wins face-off versus Tyler Johnson in neutral zone.
3:20 of 2nd period - Matt Moulson is hit by Brent Seabrook.
3:32 of 2nd period - Snap shot by Nate Thompson.
3:32 of 2nd period - Shot Blocked by Mark Eaton.
3:38 of 2nd period - Double Minor Penalty to Bruno Gervais for Roughing.
3:39 of 2nd period - Marek Svatos wins face-off versus Mike Richards in Nordiques zone.
3:50 of 2nd period - Wrist shot by Rick Nash.
3:50 of 2nd period - Shot Misses the Net.
3:52 of 2nd period - Slapshot by Jiri Fischer.
3:52 of 2nd period - Shot Blocked by Fedor Tyutin.
3:54 of 2nd period - Snap shot by Sean Bergenheim.
3:54 of 2nd period - Stopped by Jonathan Quick without a rebound.
3:55 of 2nd period - Marek Svatos wins face-off versus Mike Richards in Nordiques zone.
4:32 of 2nd period - Fedor Tyutin is hit by Tyler Johnson and loses puck.
5:49 of 2nd period - Ole-Kristian Tollefsen is hit by Kyle Calder and loses puck.
5:56 of 2nd period - Mark Eaton is hit by Sean Bergenheim and loses puck.
6:32 of 2nd period - Ryan Ellis is hit by Nino Niederreiter and loses puck.
6:39 of 2nd period - Jiri Fischer is hit by R.J. Umberger and loses puck.
7:15 of 2nd period - Icing by Phil Kessel.
7:16 of 2nd period - Paul Gaustad wins face-off versus Chris Kelly in Red Wings zone.
7:38 of 2nd period - Penalty to Bruno Gervais is over, Bruno Gervais is back on ice.
8:17 of 2nd period - Wrist shot by Rich Peverley.
8:17 of 2nd period - Deflect By Nikolai Kulemin.
8:17 of 2nd period - Stopped by Tuukka Rask with a rebound.
8:35 of 2nd period - Wrist shot by Daniel Briere.
8:35 of 2nd period - Deflect By Marek Svatos.
8:35 of 2nd period - Shot Blocked by Ole-Kristian Tollefsen.
8:35 of 2nd period - Puck is out of play.
8:36 of 2nd period - Tyler Johnson wins face-off versus Tim Connolly in Red Wings zone.
8:36 of 2nd period - Tyler Johnson is hit by Tim Connolly.
8:45 of 2nd period - Minor Penalty to Dustin Byfuglien for Tripping.
8:46 of 2nd period - Marek Svatos wins face-off versus Mike Richards in Nordiques zone.
9:19 of 2nd period - Snap shot by Vladimir Tarasenko.
9:19 of 2nd period - Shot Blocked by Phil Kessel.
10:39 of 2nd period - Ryan Ellis is hit by Brent Seabrook and loses puck.
10:45 of 2nd period - Penalty to Dustin Byfuglien is over, Dustin Byfuglien is back on ice.
10:50 of 2nd period - Wrist shot by Chris Kelly.
10:50 of 2nd period - Shot Blocked by Bruno Gervais.
10:52 of 2nd period - Wrist shot by Chris Kelly.
10:52 of 2nd period - Deflect By Nino Niederreiter.
10:52 of 2nd period - Stopped by Jonathan Quick with a rebound.
11:06 of 2nd period - Snap shot by Nate Thompson.
11:06 of 2nd period - Shot Misses the Net.
11:22 of 2nd period - Wrist shot by Paul Gaustad.
11:22 of 2nd period - Shot Blocked by Filip Kuba.
11:25 of 2nd period - Icing by Filip Kuba.
11:26 of 2nd period - Chris Kelly wins face-off versus Rich Peverley in Red Wings zone.
11:26 of 2nd period - Chris Kelly is hit by Rich Peverley.
11:57 of 2nd period - Snap shot by Jean-Pierre Dumont.
11:57 of 2nd period - Stopped by Tuukka Rask without a rebound.
11:58 of 2nd period - Tyler Johnson wins face-off versus Daniel Briere in Red Wings zone.
12:09 of 2nd period - Icing by Marek Svatos.
12:10 of 2nd period - Daniel Briere wins face-off versus Tyler Johnson in Nordiques zone.
12:43 of 2nd period - Snap shot by Alex Picard.
12:43 of 2nd period - Deflect By Chris Kelly.
12:43 of 2nd period - Shot Misses the Net.
12:43 of 2nd period - Puck is out of play.
12:44 of 2nd period - Tim Connolly wins face-off versus Chris Kelly in Nordiques zone.
12:44 of 2nd period - Tim Connolly is hit by Nino Niederreiter.
13:27 of 2nd period - Icing by Ryan Ellis.
13:28 of 2nd period - Tyler Johnson wins face-off versus Rich Peverley in Nordiques zone.
14:06 of 2nd period - Minor Penalty to Theo Peckham for Hooking.
14:07 of 2nd period - Daniel Briere wins face-off versus Sean Bergenheim in Red Wings zone.
14:33 of 2nd period - Mark Eaton is hit by Filip Kuba and loses puck.
14:53 of 2nd period - Minor Penalty to Nino Niederreiter for Holding Stick.
14:54 of 2nd period - Tyler Johnson wins face-off versus Daniel Briere in Red Wings zone.
15:31 of 2nd period - Slapshot by Ryan Ellis.
15:31 of 2nd period - Stopped by Tuukka Rask without a rebound.
15:32 of 2nd period - Tim Connolly wins face-off versus Sean Bergenheim in Red Wings zone.
15:39 of 2nd period - Backhand shot by Jean-Pierre Dumont.
15:39 of 2nd period - Shot Blocked by Ole-Kristian Tollefsen.
15:41 of 2nd period - Slapshot by Fedor Tyutin.
15:41 of 2nd period - Stopped by Tuukka Rask with a rebound.
15:43 of 2nd period - Wrist shot by Mark Eaton.
15:43 of 2nd period - Goal by Mark Eaton - Red Wings : 0 - Nordiques : 3.
15:44 of 2nd period - Daniel Briere wins face-off versus Sean Bergenheim in neutral zone.
15:47 of 2nd period - Jiri Fischer is hit by Dustin Byfuglien and loses puck.
16:18 of 2nd period - Wrist shot by Jean-Pierre Dumont.
16:18 of 2nd period - Shot Blocked by Ole-Kristian Tollefsen.
16:20 of 2nd period - Slapshot by Dustin Byfuglien.
16:20 of 2nd period - Stopped by Tuukka Rask without a rebound.
16:21 of 2nd period - Sean Bergenheim wins face-off versus Daniel Briere in Red Wings zone.
16:21 of 2nd period - Sean Bergenheim is hit by R.J. Umberger.
16:53 of 2nd period - Penalty to Nino Niederreiter is over, Nino Niederreiter is back on ice.
17:07 of 2nd period - Filip Kuba is hit by Rich Peverley and loses puck.
17:37 of 2nd period - Daniel Briere is hit by Phil Kessel and loses puck.
17:53 of 2nd period - Minor Penalty to Tim Connolly for Holding.
17:54 of 2nd period - Marek Svatos wins face-off versus Mike Richards in Nordiques zone.
18:10 of 2nd period - Marek Svatos is hit by Sean Bergenheim and loses puck.
18:21 of 2nd period - Phil Kessel is hit by Kyle Calder and loses puck.
19:53 of 2nd period - Penalty to Tim Connolly is over, Tim Connolly is back on ice.
Goals for this period are 0 for Red Wings vs 2 for Nordiques.
Shots for this period are 3 for Red Wings vs 8 for Nordiques.
3rd period
0:01 of 3rd period - Daniel Briere wins face-off versus Tyler Johnson in neutral zone.
0:06 of 3rd period - Slapshot by Daniel Briere.
0:06 of 3rd period - Shot Misses the Net.
0:08 of 3rd period - Wrist shot by R.J. Umberger.
0:08 of 3rd period - Stopped by Tuukka Rask without a rebound.
0:09 of 3rd period - Tyler Johnson wins face-off versus Daniel Briere in Red Wings zone.
0:18 of 3rd period - Slapshot by Sean Bergenheim.
0:18 of 3rd period - Shot Misses the Net.
0:26 of 3rd period - Ole-Kristian Tollefsen is hit by Ryan Ellis.
0:29 of 3rd period - Off-side.
0:30 of 3rd period - Adam Henrique wins face-off versus Tim Connolly in neutral zone.
0:33 of 3rd period - Slapshot by Mike Richards.
0:33 of 3rd period - Shot Misses the Net.
0:35 of 3rd period - Slapshot by Jiri Fischer.
0:35 of 3rd period - Shot Misses the Net.
0:37 of 3rd period - Wrist shot by Mike Richards.
0:37 of 3rd period - Stopped by Jonathan Quick without a rebound.
0:38 of 3rd period - Tim Connolly wins face-off versus Mike Richards in Nordiques zone.
0:49 of 3rd period - Snap shot by Adam Henrique.
0:49 of 3rd period - Shot Misses the Net.
0:51 of 3rd period - Slapshot by Jiri Fischer.
0:51 of 3rd period - Stopped by Jonathan Quick without a rebound.
0:52 of 3rd period - Daniel Briere wins face-off versus Tyler Johnson in Nordiques zone.
0:54 of 3rd period - Icing by Dustin Byfuglien.
0:55 of 3rd period - Daniel Briere wins face-off versus Tyler Johnson in Nordiques zone.
0:55 of 3rd period - Daniel Briere is hit by Filip Kuba.
1:08 of 3rd period - Sean Bergenheim is hit by R.J. Umberger and loses puck.
1:43 of 3rd period - Wrist shot by Vladimir Tarasenko.
1:43 of 3rd period - Stopped by Tuukka Rask without a rebound.
1:44 of 3rd period - Chris Kelly wins face-off versus Paul Gaustad in Red Wings zone.
2:14 of 3rd period - R.J. Umberger is hit by Sean Bergenheim.
2:27 of 3rd period - Icing by Philip Samuelsson.
2:28 of 3rd period - Tim Connolly wins face-off versus Tyler Johnson in Red Wings zone.
2:39 of 3rd period - Vladimir Tarasenko is hit by Rick Nash and loses puck.
3:24 of 3rd period - Slapshot by Ryan Ellis.
3:24 of 3rd period - Shot Blocked by Chris Kelly.
3:36 of 3rd period - Snap shot by Nate Thompson.
3:36 of 3rd period - Stopped by Jonathan Quick without a rebound.
3:37 of 3rd period - Nate Thompson wins face-off versus Rich Peverley in Nordiques zone.
3:38 of 3rd period - Slapshot by Oleg Saprykin.
3:38 of 3rd period - Stopped by Jonathan Quick with a rebound.
3:40 of 3rd period - Snap shot by Nate Thompson.
3:40 of 3rd period - Stopped by Jonathan Quick with a rebound.
3:42 of 3rd period - Snap shot by Filip Kuba.
3:42 of 3rd period - Deflect By Nikolai Kulemin.
3:42 of 3rd period - Stopped by Jonathan Quick with a rebound.
3:44 of 3rd period - Slapshot by Filip Kuba.
3:44 of 3rd period - Shot Blocked by Mark Eaton.
3:49 of 3rd period - Double Minor Penalty to Mark Eaton for Slashing.
3:50 of 3rd period - Mike Richards wins face-off versus Marek Svatos in Nordiques zone.
4:06 of 3rd period - Snap shot by Mike Richards.
4:06 of 3rd period - Shot Misses the Net.
4:26 of 3rd period - Wrist shot by Tyler Johnson.
4:26 of 3rd period - Stopped by Jonathan Quick without a rebound.
4:27 of 3rd period - Marek Svatos wins face-off versus Tyler Johnson in Nordiques zone.
4:27 of 3rd period - Marek Svatos is hit by Tyler Johnson.
4:33 of 3rd period - Slapshot by Fedor Tyutin.
4:33 of 3rd period - Stopped by Tuukka Rask with a rebound.
5:13 of 3rd period - Marek Svatos is hit by Phil Kessel and loses puck.
6:42 of 3rd period - Ole-Kristian Tollefsen is hit by Ryan Ellis.
6:46 of 3rd period - Vladimir Tarasenko is hit by Brent Seabrook and loses puck.
7:49 of 3rd period - Penalty to Mark Eaton is over, Mark Eaton is back on ice.
7:52 of 3rd period - Mark Eaton is hit by Nate Thompson and loses puck.
7:57 of 3rd period - Snap shot by Oleg Saprykin.
7:57 of 3rd period - Stopped by Jonathan Quick with a rebound.
7:59 of 3rd period - Slapshot by Nate Thompson.
7:59 of 3rd period - Shot Misses the Net.
8:41 of 3rd period - Ales Hemsky is hit by Paul Gaustad.
8:49 of 3rd period - Minor Penalty to Paul Gaustad for Boarding.
8:50 of 3rd period - Marek Svatos wins face-off versus Mike Richards in Nordiques zone.
9:05 of 3rd period - Fedor Tyutin is hit by Adam Henrique and loses puck.
10:49 of 3rd period - Penalty to Paul Gaustad is over, Paul Gaustad is back on ice.
10:59 of 3rd period - Paul Gaustad is hit by Ales Hemsky and loses puck.
11:31 of 3rd period - Minor Penalty to Nino Niederreiter for High sticking.
11:32 of 3rd period - Daniel Briere wins face-off versus Sean Bergenheim in Red Wings zone.
11:32 of 3rd period - Slapshot by Ryan Ellis.
11:32 of 3rd period - Stopped by Tuukka Rask without a rebound.
11:33 of 3rd period - Marek Svatos wins face-off versus Sean Bergenheim in Red Wings zone.
13:13 of 3rd period - Chris Kelly is hit by Vladimir Tarasenko.
13:31 of 3rd period - Penalty to Nino Niederreiter is over, Nino Niederreiter is back on ice.
13:45 of 3rd period - Slapshot by Nikolai Kulemin.
13:45 of 3rd period - Stopped by Tuukka Rask with a rebound.
13:59 of 3rd period - Wrist shot by Nino Niederreiter.
13:59 of 3rd period - Stopped by Jonathan Quick without a rebound.
14:00 of 3rd period - Paul Gaustad wins face-off versus Tyler Johnson in Nordiques zone.
14:51 of 3rd period - Mark Eaton is hit by Brent Seabrook and loses puck.
15:06 of 3rd period - Michael Ryder is hit by Theo Peckham.
15:19 of 3rd period - Off-side.
15:20 of 3rd period - Paul Gaustad wins face-off versus Tyler Johnson in neutral zone.
15:29 of 3rd period - Wrist shot by Jean-Pierre Dumont.
15:29 of 3rd period - Stopped by Tuukka Rask with a rebound.
15:31 of 3rd period - Snap shot by Jean-Pierre Dumont.
15:31 of 3rd period - Stopped by Tuukka Rask without a rebound.
15:32 of 3rd period - Daniel Briere wins face-off versus Mike Richards in Red Wings zone.
15:46 of 3rd period - Minor Penalty to Marek Svatos for Cross-checking.
15:47 of 3rd period - Paul Gaustad wins face-off versus Mike Richards in Nordiques zone.
16:27 of 3rd period - Wrist shot by Adam Henrique.
16:27 of 3rd period - Stopped by Jonathan Quick without a rebound.
16:28 of 3rd period - Tyler Johnson wins face-off versus Vladimir Tarasenko in Nordiques zone.
16:33 of 3rd period - Wrist shot by Phil Kessel.
16:33 of 3rd period - Shot Misses the Net.
16:35 of 3rd period - Wrist shot by Adam Henrique.
16:35 of 3rd period - Goal by Adam Henrique - Red Wings : 1 - Nordiques : 3.
16:36 of 3rd period - Paul Gaustad wins face-off versus Chris Kelly in neutral zone.
17:02 of 3rd period - Icing by Dustin Byfuglien.
17:03 of 3rd period - Daniel Briere wins face-off versus Mike Richards in Nordiques zone.
17:24 of 3rd period - Wrist shot by Phil Kessel.
17:24 of 3rd period - Stopped by Jonathan Quick without a rebound.
17:25 of 3rd period - Nino Niederreiter wins face-off versus Paul Gaustad in Nordiques zone.
17:36 of 3rd period - Slapshot by Brent Seabrook.
17:36 of 3rd period - Shot Blocked by Jean-Pierre Dumont.
17:38 of 3rd period - Slapshot by Alex Picard.
17:38 of 3rd period - Shot Misses the Net.
17:55 of 3rd period - Wrist shot by Rick Nash.
17:55 of 3rd period - Stopped by Jonathan Quick without a rebound.
17:56 of 3rd period - Daniel Briere wins face-off versus Tyler Johnson in Nordiques zone.
18:38 of 3rd period - Minor Penalty to Dustin Byfuglien for Hooking.
18:39 of 3rd period - Marek Svatos wins face-off versus Mike Richards in Nordiques zone.
18:48 of 3rd period - Wrist shot by Tim Connolly.
18:48 of 3rd period - Shot Blocked by Ole-Kristian Tollefsen.
19:07 of 3rd period - Off-side.
19:08 of 3rd period - Tyler Johnson wins face-off versus Vladimir Tarasenko in neutral zone.
19:13 of 3rd period - Wrist shot by Adam Henrique.
19:13 of 3rd period - Deflect By Phil Kessel.
19:13 of 3rd period - Shot Blocked by Ryan Ellis.
19:13 of 3rd period - Puck is out of play.
19:14 of 3rd period - Mike Richards wins face-off versus Marek Svatos in Nordiques zone.
19:23 of 3rd period - Snap shot by Mike Richards.
19:23 of 3rd period - Stopped by Jonathan Quick without a rebound.
19:24 of 3rd period - Tim Connolly wins face-off versus Mike Richards in Nordiques zone.
Goals for this period are 1 for Red Wings vs 0 for Nordiques.
Shots for this period are 14 for Red Wings vs 7 for Nordiques.
Back to the Top